 Dungeon Crawl Stone Soup version 0.31-a0-1025-g2e47921a08 (webtiles) character file.

Game seed: 18428071055721203521

560 kae the Vexing (level 7, -5/46 HPs)
             Began as a Demonspawn Enchanter on Nov 17, 2023.
             Shot with an arrow by a centaur (14 damage)
             ... on level 7 of the Dungeon.
             The game lasted 00:03:15 (3422 turns).

kae the Vexing (Demonspawn Enchanter)               Turns: 3422, Time: 00:03:16

Health: -5/46      AC:  5    Str: 11    XL:     7   Next: 9%
Magic:  7/11       EV: 15    Int: 22    God:
Gold:   221        SH:  4    Dex: 13    Spells: 7/12 levels left

rFire   . . .        k - +7 rapier of Ferocious Defiance {elec, Will- Int+6}
rCold   . . .        d - +0 buckler of the Furrier {Rampage}
rNeg    . . .        i - +0 leather armour
rPois   .            (helmet restricted)
rElec   .            (no cloak)
rCorr   .            (no gloves)
SInv    .            j - +2 pair of slick slippers {slick, slippery, EV+4}
Will    .....        (no amulet)
Stlth   ++           Z - ring of wizardry
HPRegen 0.27/turn    (no ring)
MPRegen 0.12/turn

%: rampage, wizardry (x1)
@: no status effects
A: claws 1, horns 1, demonic guardian 1, weakness stinger 2
a: no special abilities


You were on level 7 of the Dungeon.
You visited 1 branch of the dungeon, and saw 6 of its levels.

You collected 221 gold pieces.


Innate Abilities, Weirdness & Mutations

You have sharp fingernails.
You have a pair of small horns on your head.
A weak demonic guardian rushes to your aid.
You have a tail ending in a sharp stinger.


   Skills:
 * Level 3.7 Short Blades
 - Level 1.7 Dodging
 + Level 4.0 Stealth
 + Level 2.0 Shields
 + Level 3.2 Spellcasting
 + Level 4.1 Hexes
 + Level 2.1 Ice Magic


You had 7 spell levels left.
You knew the following spells:

 Your Spells              Type           Power      Damage    Failure   Level
a - Ensorcelled Hibernat  Hex/Ice        34%        N/A       4%          2
b - Confusing Touch       Hex            21%        N/A       5%          3

Your spell library contained the following spells:

 Spells                   Type           Power      Damage    Failure   Level
 Tukima's Dance           Hex            21%        N/A       5%          3
 Sandblast                Erth           6%         2d5       10%         1
 Dazzling Flash           Conj/Hex       24%        N/A       12%         3
 Lesser Beckoning         Tloc           6%         N/A       14%         2
 Passwall                 Tmut/Erth      2%         N/A       14%         2
 Gell's Gravitas          Tloc           3%         N/A       26%         3
 Stone Arrow              Conj/Erth      6%         3d7       26%         3
 Teleport Other           Tloc           3%         N/A       26%         3
 Brom's Barrelling Bould  Conj/Erth      3%         2d3       65%         4

Inventory:

Hand Weapons
 a - a +1 heavy dagger
 k - the +7 rapier of Ferocious Defiance (weapon) {elec, Will- Int+6}
   (You acquired it on level 2 of the Dungeon)

   Int+6:     It affects your intelligence (+6).
   Will-:     It decreases your willpower.
Missiles
 e - 32 stones
 l - 2 poisoned darts
Armour
 b - a +0 robe
 d - the +0 buckler of the Furrier (worn) {Rampage}
   (You acquired it on level 2 of the Dungeon)

   Rampage:   It bestows one free step when moving towards enemies.
 i - a +0 leather armour (worn)
   (You found it on level 1 of the Dungeon)
 j - the +2 pair of slick slippers (worn) {slick, slippery, EV+4}
   (You acquired it on level 2 of the Dungeon)

   Slick:     Its wearer cannot be constricted, engulfed, netted or webbed.
   Slippery:  Its wearer slips away from damaging melee attacks, pulling the
   attacker onward.
   EV+4:      It affects your evasion (+4).
Jewellery
 L - a ring of flight
   (You found it on level 3 of the Dungeon)
 T - an amulet of faith {!P}
   (You found it on level 4 of the Dungeon)
 Z - a ring of wizardry (left claw)
   (You found it on level 2 of the Dungeon)
Wands
 p - a wand of charming (2)
   (You found it on level 2 of the Dungeon)
 u - a wand of digging (1)
   (You found it on level 4 of the Dungeon)
Scrolls
 f - 4 scrolls of immolation {unknown}
 g - a scroll of amnesia {unknown}
 h - a scroll of enchant armour {unknown}
 m - 4 scrolls of identify {unknown}
 n - a scroll of fear
Potions
 c - 2 potions of invisibility

Dungeon Overview and Level Annotations

Branches:
Dungeon (7/15) Zot: 26958
 Temple: D:4-7

Altars:
Trog

Shops:
D:4

* #.# #.### #.#..
.. #.#.# .#
#F#.#..# #c#.#..#
.# #.###5#.#..#..#
#....@.........
#####..........
###.#..#.# #.# ....
#.#.# ## ####.#.#
#......#.### # #
#.##.......####.###
#.....##.#.........


You could see a bullfrog, a centaur (ally target) and a friendly ufetubus
(summoned).


Message History

There is a stone staircase leading up here. 😨 HP[+1] Unknown command.
Unknown command.
Unknown command.
You hit the jelly.
Your claws burn!
* * * LOW HITPOINT WARNING * * *
Your headbutt misses the jelly.
The yak bellows! x2
The phantom hits you but does no damage.
The jelly hits you but does no damage. 😨 HP[-5]
You take 5 damage, and now have 14/46 hp.
Unknown command.
You puncture the jelly!
You kill the jelly!
The phantom completely misses you.
A yak comes into view.
Your magical contamination has completely faded away.
Your Stealth skill increases to level 4!
Unknown command.
You barely miss the phantom. The phantom hits you.
* * * LOW HITPOINT WARNING * * *
You slip backwards! 😨 HP[-2]
You take 2 damage, and now have 12/46 hp.
You closely miss the phantom.
The yak bellows!
You headbutt the phantom. The phantom hits you.
* * * LOW HITPOINT WARNING * * *
A demonic guardian appears!
You slip backwards!
The phantom blinks!
You blink. 😱 HP[-5]
You take 5 damage, and now have 7/46 hp.
Okay, then.
Your iron imp hits the sleepcap! 😱 HP[+1] MP[+1]
Your iron imp closely misses the yak.
Okay, then.
As you read the scroll labelled MUATRU UNUR, it crumbles to dust.
It is a scroll of brand weapon.
Your +1 dagger becomes incredibly heavy!
a - a +1 heavy dagger The phantom hits you.
* * * LOW HITPOINT WARNING * * *
A demonic guardian appears!
You slip backwards!
As you read the scroll labelled PEOX XILO, it crumbles to dust.
You assume a fearsome visage.
The sleepcap is unaffected.
The yak looks frightened! x2
The phantom is unaffected.
It was a scroll of fear.
The yak gores your iron imp!
You block the phantom's attack. 😱 HP[-4]
You take 4 damage, and now have 4/46 hp.
There are monsters nearby!
Unknown command.
You swap places.
Your iron imp barely misses the yak.
The yak gores your iron imp.
Your iron imp dies!
Your iron imp disappears in a puff of smoke!
The phantom hits your shadow imp.
The phantom blinks!
Your shadow imp hits the phantom.
Unknown command.
It was a potion of curing.
You feel better. The phantom hits your shadow imp.
Your shadow imp hits the phantom. 😱 HP[+7]
You regained 7 hp, and now have 11/46 hp.
As you read the scroll labelled RUYDY ECESEPS, it crumbles to dust.
You feel strangely unstable.
It was a scroll of teleportation.
The phantom hits your shadow imp.
Your shadow imp dies!
Your shadow imp disappears in a puff of smoke!
Found a stone staircase leading down. 😨 HP[+1] 😨 MP[+1] Unknown command.
Your surroundings suddenly seem different.
Found an escape hatch in the floor. 😨 HP[+1] 😨 HP[+1] 😨 MP[+1] 😨 HP[+1] 😨 HP[+1] 😨 MP[+1] 😨 HP[+1] 😨 HP[+1]
A centaur comes into view.
A bullfrog comes into view.
The centaur shouts!
The bullfrog croaks.
The centaur wields a +0 orcbow.
The centaur shoots an arrow.
The arrow hits you!
* * * LOW HITPOINT WARNING * * *
A demonic guardian appears!
The centaur shoots an arrow.
The arrow closely misses your ufetubus.
The arrow closely misses you. 😱 HP[-9] MP[+1]
You take 9 damage, and now have 9/46 hp.
The centaur shoots an arrow.
The arrow misses your ufetubus. The arrow hits you!
You die...

Skill      XL: |  1  2  3  4  5  6  7 |
---------------+----------------------+-----
Short Blades   | 1 2 3 |  3.7
Stealth        | 3 4 |  4.0
Ice Magic      | 1 2 |  2.1
Shields        | 1 2 |  2.0
Spellcasting   | 3 |  3.2
Hexes          | 4 |  4.1
Dodging        | |  1.7

Action                     |  1- 3 |  4- 6 |  7- 9 || total
---------------------------+-------+-------+-------++-------
  Melee: Dagger            |   132 |       |       ||   132
         Punch             |     2 |       |       ||     2
         Tailslap          |    11 |     2 |       ||    13
         Rapier            |    23 |    46 |     5 ||    74
         Headbutt          |       |    11 |     2 ||    13
   Cast: Ensorcelled Hiber |    11 |     8 |     2 ||    21
         Confusing Touch   |       |     1 |       ||     1
    Use: Scroll            |     3 |       |     3 ||     6
         Potion            |       |     2 |     1 ||     3
   Stab: Sleeping          |    13 |     5 |       ||    18
 Armour: Robe              |    50 |       |       ||    50
         Leather armour    |    35 |    30 |     8 ||    73
  Dodge: Dodged            |    76 |    16 |     7 ||    99
  Block: Buckler           |     3 |     9 |     3 ||    15

Levels and vault maps discovered:
D:1:      erik_arrival_triangle_small, layout_basic,
          chequers_serial_rivers_micro_c
D:2:      layout_loops_ring
D:3:      layout_loops_ring, lemuel_coloured_pillars_altar
D:4:      layout_loops_ring, hangedman_decor_slide_cut, chequers_hall_statues_y,
          nicolae_shop_gadgets, uniq_natasha, uniq_menkaure
D:6:      layout_loops_ring, uniq_maggie, uniq_prince_ribbit1, uniq_eustachio
D:7:      minmay_slanted_spiral_squares, layout_loops_ring,
          general_overflow_altar, enter_bailey_3, serial_shops,
          nicolae_shop_mannequins, kennysheep_potato

Notes
Turn   | Place    | Note
-------+----------+-------------------------------------------
     0 | D:1      | kae the Demonspawn Enchanter began the quest for the Orb.
     0 | D:1      | Reached XP level 1. HP: 13/13 MP: 3/3
     0 | D:1      | magus.rc [v1.11.3]
    71 | D:1      | Reached skill level 1 in Short Blades
    76 | D:1      | HP: 3/13 [dart slug/slug dart (5)]
   199 | D:1      | HP: 2/13 [kobold/+0 dagger (3)]
   263 | D:1      | You feel monstrous as your demonic heritage exerts itself.
   263 | D:1      | Discovered your monstrous ancestry.
   263 | D:1      | Gained mutation: You have a small tail. [demonic ancestry]
   263 | D:1      | Reached XP level 2. HP: 19/19 MP: 5/5
   266 | D:1      | Learned a level 2 spell: Ensorcelled Hibernation
   672 | D:1      | Reached skill level 3 in Stealth
   734 | D:1      | Gained mutation: A weak demonic guardian rushes to your
                  | aid. [demonic ancestry]
   734 | D:1      | Reached XP level 3. HP: 11/24 MP: 1/6
  1367 | D:2      | Identified 3 scrolls of acquirement
  1367 | D:2      | Acquired the +2 pair of slick slippers {slick, slippery,
                  | EV+4}
  1367 | D:2      | Found the +2 pair of slick slippers {slick, slippery, EV+4}
  1374 | D:2      | Acquired the +7 rapier of Ferocious Defiance {elec, Will-
                  | Int+6}
  1377 | D:2      | Identified the "Xiedd" (You acquired it on level 2 of the
                  | Dungeon)
  1377 | D:2      | Acquired the +0 buckler of the Furrier {Rampage}
  1769 | D:2      | You pick up a book of Geomancy and begin reading...
  1769 | D:2      | You add the spells Sandblast, Passwall, Stone Arrow and
                  | Brom's Barrelling Boulder to your library.
  2133 | D:3      | Learned a level 3 spell: Confusing Touch
  2155 | D:3      | Reached skill level 2 in Short Blades
  2382 | D:3      | Gained mutation: You have a pair of small horns on your
                  | head. [demonic ancestry]
  2382 | D:3      | Reached XP level 4. HP: 30/30 MP: 7/7
  2567 | D:3      | You pick up a book of Displacement and begin reading...
  2567 | D:3      | You add the spells Lesser Beckoning, Gell's Gravitas and
                  | Teleport Other to your library.
  2636 | D:3      | Found a bloodstained altar of Trog.
  3007 | D:4      | Noticed Menkaure
  3026 | D:4      | Found Qeotatz's Gadget Gallery.
  3050 | D:4      | HP: 5/30 [orc priest/divine providence (10)]
  3056 | D:4      | Reached skill level 1 in Ice Magic
  3058 | D:4      | Reached skill level 1 in Shields
  3058 | D:4      | Gained mutation: You have sharp fingernails. [demonic
                  | ancestry]
  3058 | D:4      | Reached XP level 5. HP: 18/35 MP: 8/8
  3073 | D:4      | Killed Menkaure
  3074 | D:4      | Reached skill level 3 in Short Blades
  3074 | D:4      | Gained mutation: You have a tail ending in a sharp stinger.
                  | [demonic ancestry]
  3074 | D:4      | Reached XP level 6. HP: 22/41 MP: 10/10
  3183 | D:4      | Reached skill level 3 in Spellcasting
  3189 | D:4      | Noticed Natasha
  3194 | D:4      | Killed Natasha
  3195 | D:4      | You fall into a shaft and drop 2 floors!
  3305 | D:6      | Reached skill level 4 in Hexes
  3305 | D:6      | Reached skill level 2 in Ice Magic
  3373 | D:6      | Reached skill level 2 in Shields
  3373 | D:6      | Reached XP level 7. HP: 31/46 MP: 7/11
  3381 | D:7      | Noticed a yak
  3381 | D:7      | Noticed a yak
  3383 | D:7      | Noticed a yak
  3384 | D:7      | Reached skill level 4 in Stealth
  3385 | D:7      | HP: 7/46 [phantom (5)]
  3386 | D:7      | Noticed a +0 executioner's axe
  3390 | D:7      | HP: 3/46 [phantom (5)]
  3421 | D:7      | HP: 9/46 [centaur/arrow (10)]
  3422 | D:7      | Shot with an arrow by a centaur

Vanquished Creatures
  Menkaure (D:4)
  An ogre (D:6)
  2 scorpions
  2 orc priests (D:4)
  A jelly (D:7)
  A sleepcap (D:6)
  Natasha (D:4)
  An orc wizard (D:4)
  2 adders (D:3)
  2 dart slugs
  2 orcs
  4 bats
  8 endoplasms
  A giant cockroach (D:1)
  8 goblins
  4 hobgoblins (D:1)
  4 quokkas
  4 ball pythons
  A frilled lizard (D:3)
  10 kobolds
  11 rats
71 creatures vanquished.

Table legend:
 A = Non-vault XP
 B = Vault XP
 C = Vault XP percentage of total XP
 D = Non-vault monster count
 E = Vault monster count
 F = Vault count percentage of total count
                 A         B        C        D         E       F
            +---------+---------+-------+---------+---------+-------
      Total |     592 |     208 |  26.0 |      69 |       2 |   2.8
            +---------+---------+-------+---------+---------+-------
        D:1 |      51 |       0 |   0.0 |      32 |       0 |   0.0
        D:2 |      12 |       0 |   0.0 |       8 |       0 |   0.0
        D:3 |      50 |       0 |   0.0 |      15 |       0 |   0.0
        D:4 |     212 |     208 |  49.5 |      10 |       2 |  16.7
        D:6 |     225 |       0 |   0.0 |       3 |       0 |   0.0
        D:7 |      42 |       0 |   0.0 |       1 |       0 |   0.0
            +---------+---------+-------+---------+---------+-------

Skill      XL: |  1  2  3  4  5  6  7 |
---------------+----------------------+-----
Short Blades   | 1 2 3 |  3.7
Stealth        | 3 4 |  4.0
Ice Magic      | 1 2 |  2.1
Shields        | 1 2 |  2.0
Spellcasting   | 3 |  3.2
Hexes          | 4 |  4.1
Dodging        | |  1.7

Action                     |  1- 3 |  4- 6 |  7- 9 || total
---------------------------+-------+-------+-------++-------
  Melee: Dagger            |   132 |       |       ||   132
         Punch             |     2 |       |       ||     2
         Tailslap          |    11 |     2 |       ||    13
         Rapier            |    23 |    46 |     5 ||    74
         Headbutt          |       |    11 |     2 ||    13
   Cast: Ensorcelled Hiber |    11 |     8 |     2 ||    21
         Confusing Touch   |       |     1 |       ||     1
    Use: Scroll            |     3 |       |     3 ||     6
         Potion            |       |     2 |     1 ||     3
   Stab: Sleeping          |    13 |     5 |       ||    18
 Armour: Robe              |    50 |       |       ||    50
         Leather armour    |    35 |    30 |     8 ||    73
  Dodge: Dodged            |    76 |    16 |     7 ||    99
  Block: Buckler           |     3 |     9 |     3 ||    15

Illustrated notes

Table legend:
 A = Kills in this place as a percentage of kills in the entire game.
 B = Kills by you in this place as a percentage of kills by you in the entire game.
 C = Kills by friends in this place as a percentage of kills by friends in the entire game.
 D = Other kills in this place as a percentage of other kills in the entire game.
 E = Experience gained in this place as a percentage of experience gained in the entire game.
 F = Experience gained in this place divided by the number of levels of this place that you have seen.
                   A       B       C       D       E      F
               +-------+-------+-------+-------+-------+----------------------
         Total | 100.0 | 100.0 |   N/A |   N/A | 100.0 | 133.3
       Dungeon | 100.0 | 100.0 |   N/A |   N/A | 100.0 | 133.3
               +-------+-------+-------+-------+-------+----------------------

Table legend: (Time is in decaauts)
 A = Elapsed time spent in this place.
 B = Non-inter-level travel time spent in this place.
 C = Inter-level travel time spent in this place.
 D = Time resting spent in this place.
 E = Time spent auto-exploring this place.
 F = Levels seen in this place.
 G = Mean time per level.
                   A        B        C        D        E       F      G
               +--------+--------+--------+--------+--------+-----+--------+
         Total |   3419 |   3238 |    181 |     83 |   2561 |   6 |  569.8 |
       Dungeon |   3419 |   3238 |    181 |     83 |   2561 |   6 |  569.8 |
               +--------+--------+--------+--------+--------+-----+--------+

Top non-repeatable levels by time:
     D:1: 1348 daAuts
     D:2: 770 daAuts
     D:3: 721 daAuts
     D:4: 352 daAuts
     D:6: 186 daAuts
     D:7: 41 daAuts
